 Dungeon Sprint DCSS version 0.17-a0-1399-gd5b76e1 (webtiles) character file.

41358 Kidiri the Unseen (level 13, -14/55 HPs)
             Began as a Spriggan Enchanter on June 19, 2015.
             Was the Champion of Dithmenos.
             Demolished by a five-headed hydra simulacrum (33 damage)
             ... in the Dungeon (Sprint III: "The Ten Rune Challenge").
             The game lasted 00:24:30 (2666 turns).

Kidiri the Unseen (Spriggan Enchanter)              Turns: 2666, Time: 00:24:31

Health: -14/55     AC:  5    Str:  5 (6)  XL:     13   Next: 9%
Magic:  25/34      EV: 33    Int: 19      God:    Dithmenos [******]
Gold:   52         SH:  0    Dex: 21      Spells: 15 memorised, 5 levels left

rFire  . . .     SeeInvis +     w - +0 dagger (venom)
rCold  . . .     Clarity  .     a - +0 robe {MR+}
rNeg   . . .     SustAt   .     (shield restricted)
rPois  .         Gourm    .     j - +1 hat {MR+}
rElec  .         Spirit   .     m - +0 cloak
rCorr  .         Warding  .     (gloves unavailable)
rMut   .         NoTele   +     (boots unavailable)
MR     ++++.                    (no amulet)
Stlth  ++++++++++               (no ring)
                                (no ring)

@: wreathed by umbra, very quick, incredibly resistant to hostile enchantments,
uncannily stealthy
A: unfitting armour, see invisible, breathe flames 1, clever 1, deterioration 1,
herbivore 3, speed 3, shaggy fur 1, slow metabolism 2, strong 1
a: Shadow Step, Shadow Form, Renounce Religion, Breathe Fire
}: 1/10 runes: barnacled


You were in the Dungeon.
You worshipped Dithmenos.
Dithmenos was exalted by your worship.
You were not hungry.

You visited 1 branch You collected 52 gold pieces.

Inventory:

Hand weapons
 w - a +0 dagger of venom (weapon)
Armour
 a - a +0 robe of magic resistance (worn)
 b - a +1 robe
 j - a +1 hat of magic resistance (worn)
 m - a +0 cloak (worn)
Magical devices
 l - a wand of slowing (48)
 v - a wand of hasting (3)
Scrolls
 o - a scroll of immolation
 q - 3 scrolls of remove curse
Potions
 e - 3 potions of curing
 f - a potion of heal wounds
 g - a potion of haste
 h - 2 potions of magic
 r - 3 potions of might
 s - a potion of cure mutation
 t - a potion of flight
 u - 2 potions of berserk rage
Books
 c - a book of Maledictions

   Spells                             Type                      Level
   a - Corona                         Hexes                        1
   b - Ensorcelled Hibernation        Hexes/Ice                    2
   c - Confuse                        Hexes                        3
   d - Tukima's Dance                 Hexes                        3
   e - Dazzling Spray                 Conjuration/Hexes            3
 k - a book of Spatial Translocations

   Spells                             Type                      Level
   a - Apportation                    Translocation                1
   b - Blink                          Translocation                2
   c - Shroud of Golubria             Charms/Translocation         2
   d - Portal Projectile              Translocation                3
   e - Teleport Other                 Translocation                3
   f - Passage of Golubria            Translocation                4
 n - a book of Geomancy

   Spells                             Type                      Level
   a - Sandblast                      Earth                        1
   b - Stoneskin                      Transmutation/Earth          2
   c - Passwall                       Transmutation/Earth          3
   d - Stone Arrow                    Conjuration/Earth            3
   e - Petrify                        Transmutation/Earth          4
   f - Lee's Rapid Deconstruction     Earth                        5
Comestibles
 d - 2 bread rations
 i - 26 royal jellies
 p - 6 fruits


   Skills:
 + Level 11.2 Short Blades
 + Level 14.1 Dodging
 * Level 20.4 Stealth
 * Level 16.3 Spellcasting
 + Level 7.3 Conjurations
 + Level 12.3 Hexes
 + Level 12.1 Charms
 + Level 12.2 Translocations
 + Level 11.4 Transmutations
 + Level 8.5 Ice Magic
 + Level 8.1 Earth Magic
 + Level 8.8 Invocations


You had 5 spell levels left.
You knew the following spells:

 Your Spells              Type           Power        Failure   Level  Hunger
a - Corona                Hex            ######.      1%          1    None
b - Ensorcelled Hibernat  Hex/Ice        ######       1%          2    None
c - Confuse               Hex            ######..     1%          3    None
d - Tukima's Dance        Hex            ######..     1%          3    None
e - Dazzling Spray        Conj/Hex       ######..     1%          3    None
f - Apportation           Tloc           ######....   1%          1    None
g - Blink                 Tloc           N/A          1%          2    None
h - Shroud of Golubria    Chrm/Tloc      ######....   1%          2    None
i - Stoneskin             Trmt/Erth      ######..     1%          2    None
j - Stone Arrow           Conj/Erth      #####.       1%          3    None
k - Portal Projectile     Tloc           ######       1%          3    None
l - Teleport Other        Tloc           ######..     1%          3    None
m - Passwall              Trmt/Erth      ######....   1%          3    None
n - Passage of Golubria   Tloc           N/A          1%          4    None
o - Petrify               Trmt/Erth      ######..     1%          4    None


Dungeon Overview and Level Annotations

Branches:
Dungeon (1/1)

Altars:
Cheibriados
Dithmenos
Elyvilon
Fedhas
Gozag
Kikubaaqudgha
Makhleb
Nemelex Xobeh
Okawaru
Qazlal
Ru
Sif Muna
Trog
Vehumet
Xom
Yredelemnul
Zin
The Shining One
Jiyva
Lugonu

Shops:
D :?(

Annotations:
D exclusion: orange crystal statue


Innate Abilities, Weirdness & Mutations

You are tiny and cannot use many weapons and most armour.
You have supernaturally acute eyesight.
You are a herbivore.
You cover ground extremely quickly.
You need consume almost no food.
You can breathe flames.
Your mind is acute. (Int +2)
Your body sometimes deteriorates upon taking damage.
You are covered in fur (AC +1).
Your muscles are strong. (Str +2)


Message History

Casting: Passwall
Confirm with . or Enter, or press ? or * to list all spells.
Aiming: Dazzling Spray
Press: ? - help, Shift-Dir - straight line, f - five-headed hydra simulacrum
Aim: a five-headed hydra simulacrum (umbra)
The spray of energy hits the five-headed hydra simulacrum.
Your shadow mimicks your spell!
The shadow shard hits the five-headed hydra simulacrum.
The five-headed hydra simulacrum misses you.
The five-headed hydra simulacrum completely misses you.
The five-headed hydra simulacrum bites you.
Your body deteriorates!
You feel weakened.
The five-headed hydra simulacrum freezes you!!
You emit a cloud of dark smoke.
The five-headed hydra simulacrum completely misses you.
The five-headed hydra simulacrum bites you!
You emit a cloud of dark smoke.
The five-headed hydra simulacrum freezes you!!
Ouch! That really hurt!
You die...

...#.#.).#...#)).##.#.#.##...≈≈≈≈
▓▓▓▓▓▓▓▓▓▓▓▓▓▓▓▓▓#.#.#.#.#.......
≈≈≈........≈≈≈...##.#.#.##.......
♣≈≈≈≈≈≈≈≈≈≈≈≈♣♣P.+.#.#.#.#.......
♣♣♣♣♣♣♣♣♣♣♣♣♣♣♣PP##.#.#.#########
♣ ♣♣♣##'########
♣♣♣♣♣♣♣♣♣♣♣♣♣♣♣♣♣#...'.≈≈§≈#
##..##≈≈≈≈≈≈..#Z§#...#.≈≈§≈#
#%##.#≈≈≈≈≈...#§@#).)#.#≈§§#
.##%##+≈≈≈≈≈####+#####.# §≈≈#
.##...#≈≈......)§#)PPP.# ≈≈≈
#.##.)#≈..+#######.)P.P# ≈≈
#.#####...#....).#..)PP# ##≈
..##%.....#♣♣♣._)#...).# .§#
####+###### #####+#####§.§### #
.P▓ #.....+§§§+.# ## ≈≈▓
#.#############.


You could see a five-headed hydra simulacrum.

Vanquished Creatures
  Rupert (D)
  A kraken (D)
  Gastronok (D)
  Harold (D)
  Maud (D)
  2 dire elephants (D)
  A hydra (D)
  Erica (D)
  2 alligator snapping turtles (D)
  A centaur warrior (D)
  4 death yaks (D)
  A death drake (D)
  A spriggan druid (D)
  A lindwurm (D)
  An unseen horror (D)
  Joseph (D)
  2 black mambas (D)
  2 elephants (D)
  A komodo dragon (D)
  2 spiny frogs (D)
  A queen bee (D)
  A fire drake (D)
  3 wandering mushrooms (D)
  4 spriggan defenders (D)
  A deep elf priest (D)
  8 blink frogs (D)
  2 orc high priests (D)
  4 snapping turtles (D)
  3 redbacks (D)
  A shadow (D)
  2 spriggans (D)
  A spatial vortex (D)
  A swamp drake (D)
  A black mamba simulacrum (D)
  A necrophage (D)
  2 centaurs (D)
  An earth elemental (D)
  2 brain worms (D)
  A water elemental (D)
  31 killer bees (D)
  A wizard (D)
  Crazy Yiuf (D)
  2 orc priests (D)
  Jessica (D)
  A jelly (D)
  A necromancer (D)
  A wolf simulacrum (D)
  A kobold demonologist (D)
  3 humans (D)
  2 oozes (D)
  A fungus (D)
  A plant (D)
115 creatures vanquished.

Vanquished Creatures (collateral kills)
  A killer bee (D)
1 creature vanquished.

Vanquished Creatures (others)
  2 draconian scorchers (D)
  A hydra (D)
  2 yaktaurs (D)
  2 fire drakes (D)
  An electric eel (D)
  2 plants (D)
  4 tentacles (D)
14 creatures vanquished.

Grand Total: 130 creatures vanquished

Notes
Turn   | Place    | Note
--------------------------------------------------------------
     0 | D        | Kidiri the Spriggan Enchanter began the quest for the Orb.
     0 | D        | Reached XP level 1. HP: 9/9 MP: 5/5
     9 | D        | Reached skill level 5 in Stealth
    11 | D        | Reached XP level 2. HP: 13/13 MP: 5/7
    15 | D        | Learned a level 2 spell: Ensorcelled Hibernation
    40 | D        | Noticed Jessica
    46 | D        | Killed Jessica
    46 | D        | Reached skill level 6 in Stealth
    46 | D        | Reached skill level 1 in Ice Magic
    46 | D        | Reached XP level 3. HP: 16/16 MP: 8/10
    57 | D        | Learned a level 3 spell: Confuse
    58 | D        | Killed a yaktaur
    61 | D        | Learned a level 3 spell: Tukima's Dance
    81 | D        | Noticed Crazy Yiuf
    84 | D        | Killed Crazy Yiuf
    84 | D        | Reached skill level 7 in Stealth
    84 | D        | Reached skill level 5 in Spellcasting
    92 | D        | Reached skill level 5 in Dodging
    92 | D        | Reached skill level 8 in Stealth
    92 | D        | Reached XP level 4. HP: 21/21 MP: 6/12
   123 | D        | Gained mutation: Your mind is acute. (Int +2) [potion of mutation]
   123 | D        | Gained mutation: Your body sometimes deteriorates upon taking damage. [potion of mutation]
   123 | D        | Gained mutation: Your muscles are strong. (Str +2) [potion of mutation]
   124 | D        | Gained mutation: You are covered in fur (AC +1). [potion of mutation]
   124 | D        | Gained mutation: Your muscles are very strong. (Str +4) [potion of mutation]
   124 | D        | Gained mutation: Your mind is very acute. (Int +4) [potion of mutation]
   158 | D        | Killed a white draconian scorcher
   190 | D        | Noticed a water elemental
   204 | D        | Killed a water elemental
   204 | D        | Reached skill level 9 in Stealth
   204 | D        | Reached skill level 5 in Hexes
   204 | D        | Reached XP level 5. HP: 24/24 MP: 13/15
   253 | D        | Learned a level 3 spell: Dazzling Spray
   272 | D        | Noticed a jelly
   273 | D        | Noticed a shadow
   275 | D        | Killed a shadow
   275 | D        | Reached skill level 10 in Stealth
   275 | D        | Reached skill level 1 in Conjurations
   275 | D        | Reached XP level 6. HP: 28/28 MP: 16/18
   275 | D        | Killed a white draconian scorcher
   280 | D        | Killed a jelly
   280 | D        | Reached skill level 11 in Stealth
   286 | D        | Found a stormy altar of Qazlal.
   286 | D        | Found a sacrificial altar of Ru.
   286 | D        | Found a burning altar of Makhleb.
   286 | D        | Found a shimmering altar of Xom.
   286 | D        | Noticed a spatial vortex
   287 | D        | Killed a spatial vortex
   287 | D        | Reached skill level 5 in Short Blades
   288 | D        | Found a viscous altar of Jiyva.
   288 | D        | Found a shadowy altar of Dithmenos.
   288 | D        | Found a sparkling altar of Nemelex Xobeh.
   288 | D        | Found a corrupted altar of Lugonu.
   288 | D        | Found an opulent altar of Gozag.
   293 | D        | Became a worshipper of Dithmenos the Shadowed
   322 | D        | Found a radiant altar of Vehumet.
   323 | D        | Found a deep blue altar of Sif Muna.
   323 | D        | Found an ancient bone altar of Kikubaaqudgha.
   323 | D        | Noticed a wizard
   324 | D        | Killed a wizard
   335 | D        | Learned a level 1 spell: Apportation
   338 | D        | Learned a level 2 spell: Blink
   341 | D        | Learned a level 2 spell: Shroud of Golubria
   344 | D        | Learned a level 2 spell: Stoneskin
   348 | D        | Learned a level 3 spell: Stone Arrow
   367 | D        | Killed a fire drake
   409 | D        | Found a glowing silver altar of Zin.
   410 | D        | Found a glowing golden altar of the Shining One.
   410 | D        | Found a white marble altar of Elyvilon.
   410 | D        | Noticed a deep elf priest
   412 | D        | Killed a deep elf priest
   412 | D        | Reached skill level 12 in Stealth
   412 | D        | Reached skill level 1 in Earth Magic
   412 | D        | Reached skill level 1 in Invocations
   412 | D        | Reached XP level 7. HP: 32/32 MP: 21/21
   423 | D        | Found an iron altar of Okawaru.
   424 | D        | Found a bloodstained altar of Trog.
   424 | D        | Noticed a human
   424 | D        | Noticed a human
   426 | D        | Killed a human
   427 | D        | Killed a human
   427 | D        | Acquired Dithmenos's first power
   443 | D        | Found a snail-covered altar of Cheibriados.
   443 | D        | Noticed a necrophage
   444 | D        | Found a basalt altar of Yredelemnul.
   444 | D        | Found a blossoming altar of Fedhas.
   444 | D        | Noticed a necromancer
   445 | D        | Killed a necrophage
   445 | D        | Reached skill level 13 in Stealth
   445 | D        | Reached skill level 10 in Spellcasting
   445 | D        | Reached XP level 8. HP: 36/36 MP: 23/23
   446 | D        | Killed a necromancer
   472 | D        | Noticed Erica
   474 | D        | Killed Erica
   491 | D        | Noticed an earth elemental
   494 | D        | Killed an earth elemental
   499 | D        | Noticed a centaur
   499 | D        | Noticed a centaur warrior
   499 | D        | Noticed a centaur
   501 | D        | Killed a centaur
   501 | D        | Reached skill level 5 in Translocations
   503 | D        | Killed a centaur warrior
   503 | D        | Acquired Dithmenos's second power
   503 | D        | Reached skill level 14 in Stealth
   503 | D        | Reached skill level 5 in Charms
   503 | D        | Reached skill level 5 in Transmutations
   503 | D        | Reached skill level 5 in Ice Magic
   503 | D        | Reached XP level 9. HP: 39/39 MP: 23/25
   504 | D        | Killed a centaur
   515 | D        | Learned a level 3 spell: Portal Projectile
   519 | D        | Learned a level 3 spell: Teleport Other
   534 | D        | Noticed an unseen horror
   536 | D        | Killed an unseen horror
   536 | D        | Reached skill level 10 in Dodging
   554 | D        | Noticed a queen bee
   554 | D        | Noticed a killer bee
   554 | D        | Noticed a killer bee
   554 | D        | Noticed a killer bee
   554 | D        | Noticed a killer bee
   554 | D        | Noticed a killer bee
   554 | D        | Noticed a killer bee
   554 | D        | Noticed a killer bee
   554 | D        | Noticed a killer bee
   554 | D        | Noticed a killer bee
   554 | D        | Noticed a killer bee
   554 | D        | Noticed a killer bee
   554 | D        | Noticed a killer bee
   554 | D        | Noticed a killer bee
   554 | D        | Noticed a killer bee
   555 | D        | Noticed a killer bee
   555 | D        | Noticed a killer bee
   555 | D        | Noticed a killer bee
   555 | D        | Noticed a killer bee
   555 | D        | Noticed a killer bee
   556 | D        | Killed a five-headed hydra
   557 | D        | Noticed a killer bee
   557 | D        | Killed a killer bee
   559 | D        | Noticed a killer bee
   559 | D        | Noticed a killer bee
   559 | D        | Killed a killer bee
   559 | D        | Acquired Dithmenos's third power
   560 | D        | Noticed a killer bee
   560 | D        | Noticed a killer bee
   560 | D        | Noticed a killer bee
   561 | D        | Noticed a killer bee
   561 | D        | Noticed a killer bee
   561 | D        | Killed a killer bee
   562 | D        | Noticed a killer bee
   566 | D        | Noticed a killer bee
   566 | D        | Killed a killer bee
   567 | D        | Noticed a killer bee
   570 | D        | Noticed a killer bee
   572 | D        | Killed a killer bee
   573 | D        | Noticed a killer bee
   582 | D        | Killed a killer bee
   588 | D        | Killed a killer bee
   593 | D        | Killed a killer bee
   593 | D        | Reached skill level 15 in Stealth
   595 | D        | Killed a killer bee
   595 | D        | Acquired Dithmenos's fourth power
   597 | D        | Killed a killer bee
   599 | D        | Killed a killer bee
   601 | D        | Killed a killer bee
   740 | D        | Killed a fire drake
   788 | D        | Killed a killer bee
   790 | D        | Killed a killer bee
   794 | D        | Killed a killer bee
   796 | D        | Killed a killer bee
   805 | D        | Killed a killer bee
   806 | D        | Killed a killer bee
   810 | D        | Killed a killer bee
   812 | D        | Killed a queen bee
   812 | D        | Reached XP level 10. HP: 38/44 MP: 9/27
   814 | D        | Killed a killer bee
   816 | D        | Killed a killer bee
   818 | D        | Killed a killer bee
   820 | D        | Killed a killer bee
   828 | D        | Killed a killer bee
   978 | D        | Killed a killer bee
   979 | D        | Killed a killer bee
   980 | D        | Killed a killer bee
   981 | D        | Killed a killer bee
   983 | D        | Killed a killer bee
   985 | D        | Killed a killer bee
   987 | D        | Killed a killer bee
   989 | D        | Killed a killer bee
  1078 | D        | Learned a level 3 spell: Passwall
  1086 | D        | Noticed Harold
  1086 | D        | Noticed Joseph
  1088 | D        | Killed Harold
  1088 | D        | Reached skill level 16 in Stealth
  1088 | D        | Reached skill level 5 in Earth Magic
  1088 | D        | Reached skill level 5 in Invocations
  1090 | D        | Killed Joseph
  1090 | D        | Reached skill level 5 in Conjurations
  1131 | D        | Noticed a wandering mushroom
  1133 | D        | Noticed a wandering mushroom
  1133 | D        | Noticed a wandering mushroom
  1135 | D        | Killed a wandering mushroom
  1138 | D        | Killed a wandering mushroom
  1138 | D        | Reached skill level 10 in Hexes
  1142 | D        | Killed a wandering mushroom
  1208 | D        | Noticed a spiny frog
  1208 | D        | Noticed a komodo dragon
  1208 | D        | Noticed a spiny frog
  1211 | D        | Killed a spiny frog
  1212 | D        | Killed a spiny frog
  1212 | D        | Reached XP level 11. HP: 47/47 MP: 24/29
  1213 | D        | Killed a komodo dragon
  1213 | D        | Reached skill level 17 in Stealth
  1219 | D        | Learned a level 4 spell: Passage of Golubria
  1235 | D        | Noticed a redback
  1239 | D        | Killed a redback
  1240 | D        | Noticed a brain worm
  1242 | D        | Killed a brain worm
  1245 | D        | Noticed a brain worm
  1247 | D        | Killed a brain worm
  1254 | D        | Noticed a lindwurm
  1256 | D        | Noticed a redback
  1257 | D        | Killed a lindwurm
  1259 | D        | Killed a redback
  1264 | D        | Noticed a redback
  1265 | D        | Killed a redback
  1266 | D        | Noticed Maud
  1268 | D        | Killed Maud
  1302 | D        | Noticed a swamp drake
  1302 | D        | Noticed a fire drake
  1303 | D        | Killed a fire drake
  1305 | D        | Killed a swamp drake
  1311 | D        | Noticed a blink frog
  1311 | D        | Noticed a blink frog
  1311 | D        | Noticed a blink frog
  1312 | D        | Noticed a blink frog
  1312 | D        | Noticed a blink frog
  1320 | D        | Killed a blink frog
  1322 | D        | Killed a blink frog
  1325 | D        | Killed a blink frog
  1327 | D        | Killed a blink frog
  1329 | D        | Killed a blink frog
  1366 | D        | Killed an electric eel
  1546 | D        | Noticed Rupert
  1550 | D        | Killed Rupert
  1550 | D        | Reached skill level 18 in Stealth
  1550 | D        | Reached skill level 10 in Charms
  1550 | D        | Reached skill level 10 in Translocations
  1556 | D        | Noticed a death yak
  1557 | D        | Noticed a death yak
  1557 | D        | Noticed a blink frog
  1558 | D        | Noticed an azure jelly
  1558 | D        | Noticed a death yak
  1558 | D        | Noticed an azure jelly
  1558 | D        | Noticed a blink frog
  1558 | D        | Noticed a death yak
  1559 | D        | Killed a death yak
  1560 | D        | Noticed a blink frog
  1572 | D        | Killed a blink frog
  1579 | D        | Killed a death yak
  1579 | D        | Reached skill level 10 in Short Blades
  1588 | D        | Killed a death yak
  1588 | D        | Reached XP level 12. HP: 51/51 MP: 19/31
  1594 | D        | Learned a level 4 spell: Petrify
  1631 | D        | Killed a death yak
  1634 | D        | Killed a blink frog
  1640 | D        | Noticed an azure jelly
  1640 | D        | Noticed an azure jelly
  1643 | D        | Noticed a black mamba
  1643 | D        | Noticed a black mamba
  1691 | D        | Killed a black mamba
  1691 | D        | Reached skill level 15 in Spellcasting
  1693 | D        | Killed a blink frog
  1730 | D        | Killed a black mamba
  1730 | D        | Reached skill level 19 in Stealth
  1730 | D        | Reached skill level 10 in Transmutations
  1747 | D        | Noticed a kraken
  1749 | D        | Noticed a snapping turtle
  1751 | D        | Noticed a snapping turtle
  1763 | D        | Killed a snapping turtle
  1772 | D        | Killed a snapping turtle
  1802 | D        | Noticed a snapping turtle
  1802 | D        | Noticed a snapping turtle
  1803 | D        | Found Tisaph Luoli's Book Shoppe.
  1803 | D        | Found Athrik's Magic Scroll Boutique.
  1803 | D        | Found Usebyr's Antique Weapon Shop.
  1803 | D        | Noticed an alligator snapping turtle
  1803 | D        | Noticed an alligator snapping turtle
  1805 | D        | Killed a snapping turtle
  1806 | D        | Killed an alligator snapping turtle
  1809 | D        | Killed a snapping turtle
  1811 | D        | Killed an alligator snapping turtle
  1814 | D        | Got a barnacled rune of Zot
  1889 | D        | Killed a kraken
  2093 | D        | Noticed an elephant
  2093 | D        | Noticed an elephant
  2093 | D        | Noticed a dire elephant
  2093 | D        | Noticed a dire elephant
  2093 | D        | Noticed Gastronok
  2095 | D        | Killed Gastronok
  2096 | D        | Killed a dire elephant
  2098 | D        | Killed a dire elephant
  2098 | D        | Reached skill level 20 in Stealth
  2101 | D        | Killed an elephant
  2103 | D        | Killed an elephant
  2117 | D        | Lost mutation: Your muscles are very strong. (Str +4) [potion of mutation]
  2118 | D        | Gained mutation: You can breathe flames. [potion of mutation]
  2118 | D        | Lost mutation: Your mind is very acute. (Int +4) [potion of mutation]
  2129 | D        | Killed a yaktaur
  2188 | D        | Noticed an orc high priest
  2188 | D        | Noticed an orc high priest
  2189 | D        | Noticed an orc priest
  2189 | D        | Noticed an orc priest
  2190 | D        | Killed an orc high priest
  2191 | D        | Killed an orc high priest
  2193 | D        | Killed an orc priest
  2194 | D        | Killed an orc priest
  2235 | D        | Noticed an orange crystal statue
  2239 | D        | Noticed a spriggan defender
  2240 | D        | Noticed a spriggan defender
  2240 | D        | Noticed a spriggan defender
  2240 | D        | Noticed a spriggan defender
  2258 | D        | Killed a spriggan defender
  2265 | D        | Killed a spriggan defender
  2273 | D        | Killed a spriggan defender
  2394 | D        | Killed a spriggan defender
  2560 | D        | Found a blossoming altar of Fedhas.
  2560 | D        | Noticed a spriggan
  2560 | D        | Noticed a spriggan druid
  2560 | D        | Noticed a spriggan
  2560 | D        | Killed a spriggan
  2561 | D        | Killed a spriggan
  2565 | D        | Killed a spriggan druid
  2565 | D        | Reached XP level 13. HP: 55/55 MP: 22/34
  2621 | D        | Noticed a death drake
  2627 | D        | Killed a death drake
  2647 | D        | Noticed a five-headed hydra
  2652 | D        | Killed a five-headed hydra
  2664 | D        | Noticed a five-headed hydra simulacrum
  2664 | D        | Noticed a wolf simulacrum
  2664 | D        | Noticed a black mamba simulacrum
  2664 | D        | Killed a black mamba simulacrum
  2665 | D        | Killed a wolf simulacrum
  2666 | D        | Demolished by a five-headed hydra simulacrum

Vault maps used:
D:        dungeon_sprint_mu

Action                   |  1- 3 |  4- 6 |  7- 9 | 10-12 | 13-15 || total
-------------------------+-------+-------+-------+-------+-------++-------
Melee: Dagger            |     8 |    15 |    58 |   127 |     4 ||   212
 Cast: Ensorcelled Hiber |     2 |     1 |    17 |    32 |     2 ||    54
       Confuse           |       |       |     4 |     9 |       ||    13
       Stoneskin         |       |       |     1 |       |       ||     1
       Shroud of Golubri |       |       |     1 |       |       ||     1
       Stone Arrow       |       |       |       |     4 |       ||     4
       Dazzling Spray    |       |       |       |    15 |     1 ||    16
       Passwall          |       |       |       |     8 |     2 ||    10
Invok: Shadow Step       |       |       |       |    13 |       ||    13
  Use: Scroll            |       |     4 |       |     3 |       ||     7
       Potion            |       |     3 |     1 |     3 |       ||     7
 Stab: Sleeping          |     5 |     6 |    21 |    53 |     4 ||    89
       Confused          |       |       |     2 |     5 |       ||     7
       Invisible         |       |       |       |     7 |       ||     7
  Eat: Fruit             |       |       |       |     4 |       ||     4
